 Dungeon Crawl Stone Soup version 0.23-a0-644-gb60d84b635 (webtiles) character file.

88 Morenatsu the Slasher (level 4, -13/26 HPs)
             Began as a Tengu Gladiator on Jan 1, 2019.
             Killed by divine providence
             ... invoked by an orc priest
              (20 damage)
             ... on level 3 of the Dungeon.
             The game lasted 00:02:37 (2467 turns).

Morenatsu the Slasher (Tengu Gladiator)             Turns: 2467, Time: 00:02:39

Health: -13/26     AC:  3    Str: 14    XL:     4   Next: 54%
Magic:  5/5        EV: 13    Int:  9    God:
Gold:   86         SH:  0    Dex: 16    Spells: 3/3 levels left

rFire    . . .     SeeInvis .   a - +1 long sword
rCold    . . .     Gourm    .   (no shield)
rNeg     . . .     Faith    .   b - +0 leather armour
rPois    .         Spirit   .   c - +0 hat
rElec    .         Reflect  .   (no cloak)
rCorr    .         Harm     +   (no gloves)
MR       .....                  (boots unavailable)
Stlth    +.........             g - amulet of harm
HPRegen  0.08/turn              (no ring)
MPRegen  0.09/turn              (no ring)

@: no status effects
A: beak, talons 3
a: no special abilities


You were on level 3 of the Dungeon.
You were not hungry.

You visited 1 branch of the dungeon, and saw 3 of its levels.

You collected 86 gold pieces.

Inventory:

Hand Weapons
 a - a +1 long sword (weapon)
Missiles
 d - 4 throwing nets (quivered)
Armour
 b - a +0 leather armour (worn)
 c - a +0 hat (worn)
Jewellery
 g - an amulet of harm (around neck)
Scrolls
 k - a scroll of identify
 l - a scroll of remove curse
Potions
 e - a potion of flight {unknown}
 h - a potion of curing {unknown}
 i - a potion of degeneration {unknown}
 j - a potion of brilliance {unknown}
 m - a potion of cancellation {unknown}
Comestibles
 f - 4 rations
 n - 2 chunks of flesh


   Skills:
 - Level 2.2 Fighting
 + Level 4.7 Long Blades
 - Level 2.1 Throwing
 - Level 1.9 Armour
 - Level 3.6 Dodging


You had 3 spell levels left.
You didn't know any spells.
Your spell library was empty.

Dungeon Overview and Level Annotations

Branches:
Dungeon (3/15)

Altars:


Innate Abilities, Weirdness & Mutations

You have a beak for a mouth.
You have claws for feet.


Message History

The orc closely misses you.
You barely miss the orc. You claw the orc!
You kill the orc!
The adder bites you. The orc misses you.
You riposte.
You slash the orc!
You kill the orc!
The orc hits you but does no damage.
Your leather armour prevents you from hitting the orc priest.
Your kick misses the orc priest. Your peck misses the orc priest.
The orc priest is almost dead.
The adder bites you.
* * * LOW HITPOINT WARNING * * *
The orc priest miscasts a cantrip.
The orc hits you but does no damage.
You hit the orc priest. Your kick misses the orc priest.
The orc priest is almost dead.
The adder closely misses you.
The orc priest invokes the aid of Beogh against you.
Beogh smites you!
Ouch! That really hurt!
You die...

###############################.#
#...# ...%..... ..........# #.#.#
$.......#############..# #.#.#
.........#..........#..# #.#.#
..................#.#..# #.#.#
$..........######.#....# ####.#.#
.......[........#.###.## .(...#.#
......oSo...###.#.###.## ######.#
......)@................ #.#
............#.#.#.###..# #.#
########....#.#.....#÷.#
#.##########....#<......#†.#
#...............#####<......
#############...........#.##
...........#.# ...#.........#
...#.#########


You could see an orc priest, an adder and an orc.

Vanquished Creatures
  3 adders (D:2)
  A dart slug (D:1)
  3 leopard geckos
  2 orcs (D:3)
  7 bats
  A giant cockroach (D:3)
  8 goblins
  4 hobgoblins
  2 jackals (D:3)
  9 frilled lizards
  8 kobolds
  10 rats
58 creatures vanquished.

Notes
Turn   | Place    | Note
-------+----------+-------------------------------------------
     0 | D:1      | Morenatsu the Tengu Gladiator began the quest for the Orb.
     0 | D:1      | Reached XP level 1. HP: 12/12 MP: 2/2
   315 | D:1      | Reached XP level 2. HP: 15/17 MP: 3/3
   832 | D:1      | Reached XP level 3. HP: 10/21 MP: 4/4
  1091 | D:1      | Reached skill level 1 in Armour
  1623 | D:2      | Reached skill level 4 in Long Blades
  1711 | D:2      | Reached XP level 4. HP: 22/26 MP: 5/5
  2467 | D:3      | Killed from afar by an orc priest

Vault maps used:
D:1:      eino_arrival_cavern_b, hangedman_feature_mirror
D:3:      bh_chokoban, nicolae_gozag_cash_rules_everything_around_me,
          uniq_natasha

Skill      XL: |  1  2  3 |
---------------+----------+-----
Armour         | 1 |  1.9
Long Blades    | 4 |  4.7
Fighting       | |  2.2
Throwing       | |  2.1
Dodging        | |  3.6

Action                   |  1- 3 |  4- 6 || total
-------------------------+-------+-------++-------
Melee: Long sword        |    74 |    36 ||   110
       Kick              |    17 |     9 ||    26
       Peck              |     9 |     4 ||    13
  Use: Scroll            |     2 |     2 ||     4
 Stab: Sleeping          |       |     1 ||     1
  Eat: Chunk             |     2 |     3 ||     5
Armor: Leather armour    |    20 |     7 ||    27
Dodge: Dodged            |    56 |    43 ||    99
       Rpst.: Long sword |    16 |    14 ||    30

Table legend:
 A = Non-vault XP
 B = Vault XP
 C = Vault XP percentage of total XP
 D = Non-vault monster count
 E = Vault monster count
 F = Vault count percentage of total count
                 A         B        C        D         E       F
            +---------+---------+-------+---------+---------+-------
      Total |     127 |       0 |   0.0 |      58 |       0 |   0.0
            +---------+---------+-------+---------+---------+-------
        D:1 |      49 |       0 |   0.0 |      32 |       0 |   0.0
        D:2 |      57 |       0 |   0.0 |      16 |       0 |   0.0
        D:3 |      21 |       0 |   0.0 |      10 |       0 |   0.0
            +---------+---------+-------+---------+---------+-------
